 Dungeon Crawl Stone Soup version 0.20-a0-899-g09a9bfb (webtiles) character file.

482 w00t the Archer (level 6, -2/51 HPs)
             Began as a Centaur Hunter on Mar 18, 2017.
             Was an Initiate of Hepliaklqana.
             Slain by a worker ant (6 damage)
             ... on level 4 of the Dungeon.
             The game lasted 00:11:18 (5898 turns).

w00t the Archer (Centaur Hunter)                    Turns: 5898, Time: 00:11:19

Health: -2/51      AC:  8    Str: 15    XL:     6   Next: 87%
Magic:  6/6        EV:  4    Int: 10    God:    Hepliaklqana [......]
Gold:   257        SH:  0    Dex: 11    Spells: 5/5 levels left

rFire    . . .     SeeInvis .   b - +0 short sword
rCold    . . .     Gourm    .   p - +1 chain mail
rNeg     . . .     Faith    .   (no shield)
rPois    .         Spirit   .   (no helmet)
rElec    .         Reflect  .   (no cloak)
rCorr    .         Harm     .   (no gloves)
MR       .....                  (no barding)
Stlth    ..........             (no amulet)
Regen    0.2/turn               (no ring)
MPRegen  0.1/turn               i - ring of flight {+Fly, !d}

@: lethally poisoned (-2 -> -13), very quick
A: reduced essence, hooves 3, deformed body, speed 2, tough skin 3
a: Recall Ancestor, Ancestor Identity, Renounce Religion, Evoke Flight


You were on level 4 of the Dungeon.
You worshipped Hepliaklqana.
Hepliaklqana was noncommittal.
You were not hungry.

You visited 2 branches of the dungeon, and saw 5 of its levels.

You collected 257 gold pieces.

Inventory:

Hand Weapons
 a - a +1 shortbow
 b - a +0 short sword (weapon)
 d - a +0 hand axe
Missiles
 e - 28 stones (quivered)
 h - 5 tomahawks
 s - an arrow
Armour
 g - a +0 plate armour
 p - a +1 chain mail (worn)
Jewellery
 i - a ring of flight (left hand) {+Fly, !d}
Scrolls
 j - 3 scrolls of remove curse {@r2}
 l - 3 scrolls of identify {@r1}
 m - a scroll of noise {!r}
Potions
 n - 2 potions of ambrosia


   Skills:
 + Level 5.8 Fighting
 - Level 8.1 Bows
 - Level 1.3 Dodging
 - Level 0.4 Stealth


You had 5 spell levels left.
You didn't know any spells.

Dungeon Overview and Level Annotations

Branches:
Dungeon (4/15)             Temple (1/1) D:4

Altars:
Ashenzari
Cheibriados
Dithmenos
Elyvilon
Gozag
Hepliaklqana
Kikubaaqudgha
Makhleb
Nemelex Xobeh
Okawaru
Qazlal
Ru
Sif Muna
Trog
Uskayaw
Vehumet
Wu Jian
Xom
Yredelemnul
Zin
The Shining One


Innate Abilities, Weirdness & Mutations

You have hooves in place of feet.
Armour fits poorly on your strangely shaped body.
You cover ground very quickly.
You have extremely tough skin. (AC +3)
Your life essence is reduced. (-10% HP)


Message History

You feel less confused.
* * * LOW HITPOINT WARNING * * *
You feel sick.
The orc wizard mumbles some strange words.
The orc wizard blinks!
The worker ant bites you.
* * * LOW HITPOINT WARNING * * *
You closely miss the worker ant.
The worker ant is almost dead.
* * * LOW HITPOINT WARNING * * *
You feel sick.
The orc wizard mumbles some strange words.
The orc wizard blinks!
The worker ant bites you but does no damage.
Vesna hits something.
The orc hits Vesna with a morningstar!
The worker ant barely misses you.
Vesna completely misses something.
Your chain mail prevents you from hitting the worker ant.
The worker ant is almost dead.
* * * LOW HITPOINT WARNING * * *
You feel sick. The worker ant bites you.
You die...

............##.)<........)###.##.
..........###########.......#.o.#
####....### ###...........
#........# #........##...
#....)...##########.######.#o...
##............................R..
#...................#######......
#.........§###############.......
#........o.....§@a.Ro..(.(.#.....
#.........#######################
..........# ..........#
..........# ....####### ....#
####


You could see the friendly Vesna the ancestor, a worker ant, an orc wizard and
an orc.

Vanquished Creatures
  An ogre (D:4)
  An orc wizard (D:4)
  3 gnolls
  5 adders
  An ooze (D:3)
  4 worms (D:2)
  A dart slug (D:1)
  5 leopard geckos
  16 orcs
  7 bats
  3 giant cockroaches
  8 goblins
  8 hobgoblins
  4 jackals
  8 kobolds
  2 quokkas (D:1)
  3 ball pythons (D:3)
  5 rats
85 creatures vanquished.

Vanquished Creatures (collateral kills)
  A phantom (D:4)
  An ogre (D:3)
2 creatures vanquished.

Grand Total: 87 creatures vanquished

Notes
Turn   | Place    | Note
-------+----------+-------------------------------------------
     0 | D:1      | w00t the Centaur Hunter began the quest for the Orb.
     0 | D:1      | Reached XP level 1. HP: 17/17 MP: 1/1
   292 | D:1      | Reached XP level 2. HP: 24/24 MP: 2/2
   414 | D:1      | Reached skill level 6 in Bows
  1031 | D:2      | Reached XP level 3. HP: 17/29 MP: 3/3
  1225 | D:2      | Found a basalt altar of Yredelemnul.
  1225 | D:2      | Found a burning altar of Makhleb.
  1357 | D:2      | Reached skill level 7 in Bows
  1510 | D:2      | Found a hide-covered altar of Uskayaw.
  1764 | D:2      | Reached XP level 4. HP: 31/36 MP: 4/4
  2833 | D:3      | Reached skill level 8 in Bows
  3508 | D:3      | Reached XP level 5. HP: 14/42 MP: 5/5
  4756 | D:4      | Noticed a phantom
  4891 | D:4      | Noticed an ogre
  4924 | D:4      | Found a staircase to the Ecumenical Temple.
  4962 | Temple   | Entered the Ecumenical Temple
  5151 | Temple   | Became a worshipper of Hepliaklqana the Forgotten
  5242 | D:4      | Killed an ogre
  5242 | D:4      | Reached XP level 6. HP: 45/47 MP: 6/6
  5349 | D:3      | Reached skill level 5 in Fighting
  5898 | D:4      | Slain by a worker ant

Vault maps used:
D:1:      sevenhm_arrival_forest_fort_large_2
D:2:      lemuel_crystal_altar, chequers_temple_overflow_statue_of_worship
D:3:      hangedman_decor_peaks_small
D:4:      temple_pool_b
Temple:   dpeg_five_rooms_temple

Skill      XL: |  1  2  3  4  5  6 |
---------------+-------------------+-----
Bows           | 6 7 8 |  8.1
Fighting       | 4 5 |  5.8
Dodging        | |  1.3
Stealth        | |  0.4

Action                   |  1- 3 |  4- 6 || total
-------------------------+-------+-------++-------
Melee: Short sword       |    24 |   246 ||   270
       Kick              |     3 |    56 ||    59
 Fire: Shortbow          |   102 |    32 ||   134
Throw: Stone             |     8 |   140 ||   148
Invok: Recall Ancestor   |       |     2 ||     2
  Use: Potion            |     1 |     5 ||     6
       Scroll            |       |     5 ||     5
  Eat: Chunk             |     2 |     8 ||    10
       Bread ration      |       |     1 ||     1
Armor: Leather armour    |     1 |       ||     1
       Ring mail         |    22 |    18 ||    40
       Chain mail        |       |   121 ||   121
Dodge: Dodged            |    35 |    68 ||   103
